 Dungeon Crawl Stone Soup version 0.19-a0-749-g66ae36b (webtiles) character file.

207620 Implojin the Warrior (level 18, -8/301 HPs)
             Began as a Troll Fighter on June 24, 2016.
             Was a High Priest of Okawaru.
             Killed from afar by a lich (14 damage)
             ... with a crystal spear
             ... on level 5 of the Vaults.
             The game lasted 01:18:23 (9662 turns).

Implojin the Warrior (Troll Fighter)                Turns: 9662, Time: 01:18:24

Health: -8/301     AC: 29    Str: 29    XL:     18   Next: 10%
Magic:  15/23      EV:  1    Int:  4    God:    Okawaru [*****.]
Gold:   428        SH:  0    Dex: 15    Spells: 0 memorised, 17 levels left

rFire  . . .     SeeInvis .       - Unarmed
rCold  . . .     Gourm    +     (armour currently unavailable)
rNeg   + + +     Faith    .     F - +2 large shield {rN+}
rPois  ∞         Spirit   .     (helmet currently unavailable)
rElec  .         Dismiss  .     (cloak currently unavailable)
rCorr  .         Reflect  .     (gloves unavailable)
SustAt .         Harm     .     (boots unavailable)
MR     +....     NoTele   +     X - amulet of regeneration
Stlth  +++++.....               u - +5 ring of slaying
                                a - ring of stealth

@: tree-form, petrified, heroism, marked, somewhat resistant to hostile
enchantments, quite stealthy
A: unfitting armour, (claws 0), fast metabolism 3, gourmand, mutation resistance
1, sense surroundings 1, regeneration 2, (shaggy fur 0), (tough skin 0)
a: Heroism, Finesse, Renounce Religion
}: 1/15 runes: serpentine


You were on level 5 of the Vaults.
You worshipped Okawaru.
Okawaru was extremely pleased with you.
You were near starving.
You were a tree.
You visited 5 branches of the dungeon, and saw 31 of its levels.
You also visited: Ossuary.

You collected 908 gold pieces.
You spent 480 gold pieces at shops.

Inventory:

Hand Weapons
 I - a +1 blowgun
Missiles
 e - 7 javelins (quivered)
 i - 7 silver javelins
 n - 5 curare-tipped needles
 B - 8 tomahawks
 T - 5 large rocks
Armour
 b - a +0 shield
 c - a +1 cloak of invisibility
 g - a +1 ice dragon armour
 q - a +0 mottled dragon armour
 s - a +1 cloak of invisibility (melded)
 A - a storm dragon hide
 E - the +2 hat of Nobility {+Blink MR+ Regen+ Dex-5 SInv, unknown}
   (Okawaru gifted it to you on level 5 of the Vaults)

   It affects your dexterity (-5).
   It affects your resistance to hostile enchantments.
   It lets you see invisible.
   It lets you blink.
   It increases your rate of regeneration.
 F - a +2 large shield of positive energy (worn)
 G - the +1 ice dragon armour of Agoraphobia {rF- rC++ rN+ Dex+4 SInv, unknown}
   (You found it on level 5 of the Vaults)

   It affects your dexterity (+4).
   It makes you vulnerable to fire.
   It greatly protects you from cold.
   It protects you from negative energy.
   It lets you see invisible.
 Q - a +4 gold dragon armour (melded)
 Z - a +0 hat of see invisible
Jewellery
 a - a ring of stealth (left branch)
 f - an uncursed ring of flight
 u - a +5 ring of slaying (right branch)
 N - an uncursed ring of ice
 X - an amulet of regeneration (around neck)
Wands
 U - a wand of acid (9/15)
Scrolls
 l - 2 scrolls of recharging
 y - 3 scrolls of enchant weapon
 D - 4 scrolls of remove curse
 H - a scroll of brand weapon
 V - a scroll of identify
Potions
 h - a potion of curing
 j - 2 potions of ambrosia
 r - 3 potions of brilliance
 x - 2 potions of berserk rage
 M - 2 potions of lignification
 O - a potion of cure mutation
 R - 2 potions of flight
Books
 L - a book of Summonings

   Spells                             Type                      Level
   a - Recall                         Summoning/Translocation      3
   b - Aura of Abjuration             Summoning                    5
   c - Summon Demon                   Summoning                    5
   d - Summon Forest                  Summoning/Translocation      5
   e - Summon Mana Viper              Hexes/Summoning              5
   f - Shadow Creatures               Summoning                    6
 P - a book of Battle

   Spells                             Type                      Level
   a - Infusion                       Charms                       1
   b - Shroud of Golubria             Charms/Translocation         2
   c - Song of Slaying                Charms                       2
   d - Spectral Weapon                Hexes/Charms                 3
   e - Regeneration                   Charms/Necromancy            3
 S - a book of the Dragon

   Spells                             Type                      Level
   a - Flame Tongue                   Conjuration/Fire             1
   b - Cause Fear                     Hexes                        4
   c - Bolt of Fire                   Conjuration/Fire             6
   d - Dragon Form                    Transmutation                7
   e - Dragon's Call                  Summoning                    9
 Y - a book of Alchemy

   Spells                             Type                      Level
   a - Sublimation of Blood           Necromancy                   2
   b - Ignite Poison                  Fire/Transmutation/Poison    3
   c - Petrify                        Transmutation/Earth          4
   d - Alistair's Intoxication        Transmutation/Poison         5
   e - Irradiate                      Conjuration/Transmutation    5
Comestibles
 d - 5 bread rations
 o - 4 slices of pizza
 p - 9 fruits
 w - 11 royal jellies
 C - 4 meat rations
 J - 3 beef jerkies


   Skills:
 * Level 17.2(22.2) Fighting
 - Level 12.1(17.1) Armour
 - Level 10.3(15.3) Dodging
 - Level 10.0(15.0) Shields
 - Level 13.0(18.0) Unarmed Combat
 - Level 8.0 Invocations


You had 17 spell levels left.
You didn't know any spells.

Dungeon Overview and Level Annotations

Branches:
Dungeon (15/15)            Temple (1/1) D:4            Lair (6/6) D:11
  Snake (4/4) Lair:2          Orc (0/2) D:11         Vaults (5/5) D:14
 Depths (0/5) D:15
  Swamp: Lair:2-4    Shoals: Lair:2-4     Slime: Lair:5-6     Crypt: Vaults:2-3

Altars:
Ashenzari
Cheibriados
Dithmenos
Elyvilon
Fedhas
Gozag
Kikubaaqudgha
Makhleb
Nemelex Xobeh
Okawaru
Pakellas
Ru
Sif Muna
Trog
Uskayaw
Vehumet
Yredelemnul
Zin

Shops:
D:7 [   D:8 *   D:10 !   Vaults:2 :   Vaults:3 :

Portals:
Hell: Lair:6
Ice
Cave: D:15

Annotations:
D:11 lair
Vaults:3 exclusion: upstairs
Vaults:5 blooo's ghost, adept DrNe


Innate Abilities, Weirdness & Mutations

You are too large for most types of armour.
((You have claws for hands.))
Your metabolism is lightning-fast.
You like to eat raw meat.
You heal very quickly.
((You are covered in fur. (AC +1)))
((You have very tough skin. (AC +2)))
You are somewhat resistant to further mutation.
You passively map a small area around you.


Message History

* * * LOW HITPOINT WARNING * * *
The war gargoyle hits you with a morningstar!
* * * LOW HITPOINT WARNING * * *
The phantasmal warrior blinks!
The vault sentinel blows a loud note on a signal horn!
The cyclops changes into a redback!
The lich touches you but does no damage.
The vault sentinel blows a loud note on a signal horn!
The vault warden activates a sealing rune.
The war gargoyle launches metal splinters at you.
The spray of metal splinters hits you!
The death knight hits you from afar with a glaive.
The stone giant hits you!!
* * * LOW HITPOINT WARNING * * *
The lich touches you.
* * * LOW HITPOINT WARNING * * *
The ironheart preserver hits you with a great mace!
* * * LOW HITPOINT WARNING * * *
Your branches slow down.
The redback changes into a fire crab!
The war gargoyle hits you but does no damage.
The lich touches you but does no damage.
The stone giant hits you!
* * * LOW HITPOINT WARNING * * *
The death knight hits you from afar with a glaive!!
* * * LOW HITPOINT WARNING * * *
The deep elf mage mumbles some strange words.
The deep elf mage blinks!
The vault sentinel blows a loud note on a signal horn!
The lich touches you but does no damage.
The war gargoyle hits you with a morningstar!
* * * LOW HITPOINT WARNING * * *
The ironheart preserver hits you with a great mace!
* * * LOW HITPOINT WARNING * * *
The vault sentinel blows a loud note on a signal horn!
The stone giant hits you!
* * * LOW HITPOINT WARNING * * *
The lich gestures at you while chanting.
Helpless, you fail to dodge the crystal spear.
You die...

, , , , * * . , ,
,.s.s.#....#..# *
,....#....#..# , , * ,
...#......(. ,,, ,, ,
...........
##################u........#
............WCpp♣LeW........
.............ppC9tp..<<.....
..............OsOpcp<..<....
.p........p...c.cCpO.<<.....
##################.p......##
*
...........c.c.c..p.........
##.#)#.###.#c#p###.#....#...
$..#.#.())c#(#)ae).#....# ..
* ##(#.#)###c#c#)###.#....#
. ,


You could see 2 ironheart preservers, a brown very ugly thing, 2 stone giants, a
vault warden, a death knight, a lich, a yaktaur captain, 2 vault guards, an
ettin, a deep elf elementalist, a fire crab shaped shifter, a war gargoyle, 3
vault sentinels, a phantasmal warrior, 2 ironbrand convokers, 2 yaktaurs, a
freezing wraith, 2 two-headed ogres, a redback and an ogre.

Vanquished Creatures
  Xtahua (Vaults:3)
  Nikola (Snake:3)
  A golden dragon (Vaults:5)
  Jorgrun (Snake:3)
  3 tentacled monstrosities (Vaults:5)
  2 liches (Vaults:5)
  3 titans (Vaults:5)
  Agnes (Snake:2)
  2 storm dragons (Vaults:5)
  2 shadow dragons (Vaults:5)
  2 tengu reavers (Vaults:5)
  5 greater nagas (Snake:4)
  A fire giant (Vaults:5)
  2 frost giants
  Donald (Vaults:3)
  2 deep elf sorcerers (Vaults:5)
  7 vault wardens
  An iron dragon (Vaults:5)
  Louise (D:14)
  Aizul (Snake:1)
  A curse skull (Vaults:3)
  A large abomination (Vaults:5)
  A war gargoyle (Vaults:5)
  3 stone giants (Vaults:5)
  3 ironheart preservers (Vaults:5)
  A very ugly thing (Vaults:5)
  2 dire elephants (Lair:6)
  2 deep elf annihilators (Vaults:5)
  Nessos (Lair:6)
  3 ettins (Vaults:5)
  2 deep elf death magi (Vaults:5)
  Snorg (D:14)
  A crystal guardian (Vaults:5)
  A fire dragon (Vaults:2)
  4 deep elf high priests (Vaults:5)
  25 vault guards
  5 ogre magi
  5 yaktaur captains
  Fannar (D:10)
  A hydra (Lair:3)
  3 anacondas
  A death knight (Vaults:2)
  3 centaur warriors
  A dancing weapon (Vaults:5)
  10 naga warriors
  A tengu warrior (D:12)
  8 naga sharpshooters
  A soul eater (Vaults:3)
  A deep elf knight (Vaults:5)
  A sun demon (Lair:6)
  A salamander mystic (Snake:4)
  3 flayed ghosts
  2 unseen horrors
  3 wizards
  A giant orange brain (shapeshifter) (Vaults:3)
  A phantasmal warrior (Vaults:5)
  4 naga ritualists (Snake:4)
  A hill giant (shapeshifter) (Vaults:5)
  3 hill giants
  3 orc knights
  A lindwurm (Lair:4)
  5 mana vipers
  4 ugly things (D:15)
  A mana viper (shapeshifter) (Vaults:5)
  4 ironbrand convokers
  3 necromancers
  A cyclops (D:14)
  2 deep elf magi
  An orc sorcerer (Vaults:3)
  A griffon (shapeshifter) (Vaults:5)
  7 salamanders
  4 griffons
  A guardian serpent (Snake:3)
  A sixfirhy (Lair:6)
  2 elephants (Lair:6)
  2 hornets
  A manticore (D:14)
  15 naga magi
  A salamander (shapeshifter) (Vaults:3)
  A black mamba (shapeshifter) (Vaults:3)
  11 vault sentinels
  2 gargoyles
  A torpor snail (Lair:6)
  4 spiny frogs
  Psyche (D:10)
  8 black mambas
  3 orange demons (Lair:6)
  A centaur skeleton (D:15)
  A rime drake (shapeshifter) (Vaults:5)
  3 rime drakes
  22 yaktaurs
  6 komodo dragons
  2 freezing wraiths
  3 ice devils (Lair:6)
  A hellwing (Lair:6)
  A troll (shapeshifter) (D:13)
  A tengu conjurer (D:13)
  2 red devils (Lair:6)
  12 two-headed ogres
  5 slime creatures (D:14)
  A blink frog (Lair:5)
  A hornet zombie (D:14)
  A human simulacrum (Vaults:3)
  2 redbacks (Vaults:5)
  A vampire (D:15)
  20 yaks
  2 wraiths
  3 wyverns
  7 hippogriffs
  Grum (D:9)
  18 humans (D:14)
  3 hungry ghosts
  A steam dragon (D:11)
  12 vampire mosquitoes
  2 basilisks
  A mottled dragon (D:14)
  25 nagas
  A warg (Vaults:4)
  7 water moccasins
  3 soldier ants (D:11)
  A hell hound (Lair:6)
  3 orc warriors
  3 porcupines
  3 black bears
  2 sky beasts
  2 ice beasts
  A wasp (D:11)
  2 eyes of draining (D:15)
  A phantom (D:14)
  16 ogres
  A necrophage (D:11)
  4 wolves
  13 centaurs
  8 crocodiles
  A big kobold (D:10)
  An elf zombie (D:7)
  7 giant frogs
  2 elf skeletons (D:7)
  A water moccasin zombie (D:11)
  5 killer bees (D:11)
  2 scorpions
  2 wights (D:8)
  An electric eel (D:11)
  A crimson imp (D:14)
  3 centaur zombies
  A hound (D:9)
  4 jellies
  4 giant frog skeletons
  A human zombie (D:7)
  3 orc priests
  7 iguanas
  7 orc wizards
  12 worker ants
  24 sheep
  A big kobold zombie (Ossuary)
  8 mummies (Ossuary)
  2 hound skeletons
  2 worker ant zombies (D:11)
  A howler monkey zombie (D:7)
  7 adders
  24 river rats
  A shadow imp (D:14)
  2 white imps (D:15)
  An adder zombie (D:9)
  A worm (D:2)
  8 giant geckos
  26 orcs
  2 giant cockroaches
  A gnoll zombie (Ossuary)
  2 goblins
  3 hobgoblins
  4 jackals (D:2)
  5 kobolds
  4 quokkas
  4 bats
  A giant newt (D:7)
  2 hobgoblin zombies (Ossuary)
  2 kobold zombies (Ossuary)
  An orc skeleton (D:7)
  3 orc zombies
  A quokka zombie (D:9)
  3 rats
  A crawling corpse (Vaults:5)
688 creatures vanquished.

Vanquished Creatures (collateral kills)
  An orc priest (D:11)
1 creature vanquished.

Vanquished Creatures (others)
  A vault guard (Vaults:5)
  A shock serpent (Snake:3)
  A phantasmal warrior (Vaults:5)
  A wasp (D:8)
  A giant cockroach (D:8)
  11 fungi
  20 plants
  10 toadstools (D:8)
46 creatures vanquished.

Grand Total: 735 creatures vanquished

Notes
Turn   | Place    | Note
--------------------------------------------------------------
     0 | D:1      | Implojin the Troll Fighter began the quest for the Orb.
     0 | D:1      | Reached XP level 1. HP: 22/22 MP: 0/0
    57 | D:1      | Reached XP level 2. HP: 29/29 MP: 1/1
   120 | D:2      | Reached skill level 3 in Unarmed Combat
   172 | D:2      | Reached XP level 3. HP: 36/36 MP: 2/2
   324 | D:4      | Reached skill level 4 in Unarmed Combat
   324 | D:4      | Reached XP level 4. HP: 27/44 MP: 3/3
   354 | D:4      | Found a staircase to the Ecumenical Temple.
   364 | Temple   | Entered the Ecumenical Temple
   400 | Temple   | Became a worshipper of Warmaster Okawaru
   480 | D:5      | Entered Level 5 of the Dungeon
   609 | D:7      | Reached skill level 5 in Unarmed Combat
   610 | D:7      | Noticed a centaur
   617 | D:7      | Killed a centaur
   617 | D:7      | Reached * piety under Okawaru
   617 | D:7      | Reached XP level 5. HP: 21/50 MP: 4/4
   644 | D:7      | Reached skill level 6 in Unarmed Combat
   644 | D:7      | Reached XP level 6. HP: 38/59 MP: 5/5
   657 | D:7      | Found a sand-covered staircase.
   677 | D:7      | Reached skill level 7 in Unarmed Combat
   692 | Ossuary  | Entered an ossuary
   788 | Ossuary  | Reached XP level 7. HP: 65/66 MP: 3/6
   901 | D:7      | Reached skill level 6 in Fighting
   901 | D:7      | Reached skill level 12 in Unarmed Combat
   901 | D:7      | Reached XP level 8. HP: 84/84 MP: 7/7
   902 | D:7      | Gained mutation: You are somewhat resistant to further mutation. [potion of beneficial mutation]
   977 | D:7      | Found Gedeunu's Armour Boutique.
   982 | D:7      | Reached ** piety under Okawaru
   994 | D:7      | Bought a +0 cloak of invisibility for 138 gold pieces
  1081 | D:8      | Found Nyifu's General Store.
  1113 | D:7      | Found a shadowy altar of Dithmenos.
  1231 | D:8      | Bought a scroll of identify for 30 gold pieces
  1290 | D:8      | Reached skill level 13 in Unarmed Combat
  1349 | D:9      | Noticed Grum
  1585 | D:9      | Reached skill level 7 in Fighting
  1585 | D:9      | Reached XP level 9. HP: 83/93 MP: 5/8
  1587 | D:9      | Reached *** piety under Okawaru
  1590 | D:9      | Killed Grum
  1662 | D:9      | Found a bloodstained altar of Trog.
  1730 | D:10     | Entered Level 10 of the Dungeon
  1730 | D:10     | Noticed a hill giant
  1737 | D:10     | Reached skill level 8 in Fighting
  1740 | D:10     | Killed a hill giant
  1740 | D:10     | Reached **** piety under Okawaru
  1781 | D:10     | Noticed Psyche
  1791 | D:10     | Killed Psyche
  1804 | D:10     | Reached skill level 9 in Fighting
  1831 | D:9      | Reached XP level 10. HP: 84/107 MP: 6/9
  1870 | D:9      | Found a hide-covered altar of Uskayaw.
  1871 | D:9      | Found a basalt altar of Yredelemnul.
  1871 | D:9      | Found a sparkling altar of Nemelex Xobeh.
  2032 | D:12     | Noticed a centaur warrior
  2046 | D:12     | Killed a centaur warrior
  2046 | D:12     | Reached ***** piety under Okawaru
  2068 | D:12     | Reached skill level 10 in Fighting
  2088 | D:13     | Noticed a tengu warrior
  2107 | D:12     | Noticed a gargoyle
  2117 | D:12     | Killed a gargoyle
  2173 | D:10     | Noticed Fannar
  2191 | D:10     | Killed Fannar
  2322 | D:10     | Received a gift from Okawaru
  2322 | D:10     | Reached XP level 11. HP: 86/119 MP: 10/10
  2361 | D:10     | Reached skill level 11 in Fighting
  2481 | D:11     | Found a staircase to the Orcish Mines.
  2690 | D:12     | Killed an unseen horror
  2745 | D:11     | Found a burning altar of Makhleb.
  2827 | D:11     | You fall through a shaft!
  3097 | D:8      | Reached skill level 12 in Fighting
  3187 | D:8      | Found a blossoming altar of Fedhas.
  3356 | D:10     | Found Sukeimn's Distillery.
  3370 | D:10     | Bought a potion of haste for 120 gold pieces
  3370 | D:10     | Bought a potion of degeneration for 12 gold pieces
  3370 | D:10     | Bought a potion of lignification for 36 gold pieces
  3370 | D:10     | Bought a potion of curing for 36 gold pieces
  3370 | D:10     | Bought a potion of curing for 36 gold pieces
  3370 | D:10     | Bought 2 potions of curing for 72 gold pieces
  3405 | D:10     | Noticed a centaur warrior
  3418 | D:10     | Killed a centaur warrior
  3418 | D:10     | Received a gift from Okawaru
  3418 | D:10     | Reached skill level 3 in Shields
  3435 | D:10     | Gained mutation: You passively map a small area around you. [potion of beneficial mutation]
  3678 | D:11     | Reached skill level 4 in Shields
  3696 | D:11     | :lair is on d:11
  3735 | D:12     | Killed a tengu warrior
  3848 | D:13     | Reached skill level 5 in Shields
  3913 | D:14     | Noticed Louise
  3925 | D:14     | Killed Louise
  3974 | D:14     | Reached skill level 6 in Shields
  4010 | D:14     | Reached XP level 12. HP: 69/132 MP: 3/11
  4068 | D:15     | Entered Level 15 of the Dungeon
  4069 | D:15     | Found a frozen archway.
  4091 | D:15     | Reached skill level 7 in Shields
  4142 | D:14     | Noticed Snorg
  4167 | D:14     | Killed Snorg
  4167 | D:14     | Reached skill level 8 in Shields
  4258 | D:14     | Paralysed by something for 5 turns
  4269 | D:14     | Reached skill level 9 in Shields
  4295 | D:14     | Reached skill level 3 in Dodging
  4309 | D:14     | Found a gate to the Vaults.
  4309 | D:14     | Noticed a vault guard
  4309 | D:14     | Noticed a vault guard
  4309 | D:14     | Noticed a vault guard
  4319 | D:14     | Killed a vault guard
  4319 | D:14     | Received a gift from Okawaru
  4319 | D:14     | Reached skill level 4 in Dodging
  4332 | D:14     | Killed a vault guard
  4340 | D:14     | Killed a vault guard
  4340 | D:14     | Reached skill level 5 in Dodging
  4457 | D:15     | Reached skill level 1 in Armour
  4491 | D:15     | Reached skill level 2 in Armour
  4491 | D:15     | Reached XP level 13. HP: 140/140 MP: 7/12
  4503 | D:15     | Reached skill level 3 in Armour
  4567 | D:15     | Reached skill level 4 in Armour
  4908 | D:11     | Found a staircase to the Lair.
  4954 | Lair:1   | Entered Level 1 of the Lair of Beasts
  5065 | Lair:3   | Reached skill level 5 in Armour
  5169 | Lair:3   | Reached skill level 6 in Armour
  5438 | Lair:5   | Received a gift from Okawaru
  5476 | Lair:5   | Reached skill level 7 in Armour
  5532 | Lair:6   | Entered Level 6 of the Lair of Beasts
  5535 | Lair:6   | Noticed Nessos
  5540 | Lair:6   | Killed Nessos
  5618 | Lair:6   | Noticed a dire elephant
  5633 | Lair:6   | Killed a dire elephant
  5638 | Lair:6   | Reached skill level 8 in Armour
  5672 | Lair:6   | Noticed a dire elephant
  5682 | Lair:6   | Killed a dire elephant
  5726 | Lair:6   | Received a gift from Okawaru
  5732 | Lair:6   | Found a burning altar of Makhleb.
  5767 | Lair:6   | Reached skill level 9 in Armour
  5785 | Lair:6   | Found a gateway to Hell.
  5979 | Lair:4   | Found a basalt altar of Yredelemnul.
  6150 | Lair:3   | Reached XP level 14. HP: 149/149 MP: 13/13
  6322 | Lair:2   | Found a staircase to the Snake Pit.
  6350 | Snake:1  | Entered Level 1 of the Snake Pit
  6358 | Snake:1  | Noticed Aizul
  6376 | Snake:1  | Reached skill level 1 in Invocations
  6381 | Snake:1  | Killed Aizul
  6381 | Snake:1  | Received a gift from Okawaru
  6381 | Snake:1  | Reached skill level 2 in Invocations
  6390 | Snake:1  | Reached skill level 3 in Invocations
  6526 | Snake:2  | Reached skill level 4 in Invocations
  6562 | Snake:2  | Noticed Agnes
  6574 | Snake:2  | Killed Agnes
  6574 | Snake:2  | Reached skill level 5 in Invocations
  6613 | Snake:3  | Noticed Jorgrun
  6628 | Snake:3  | Killed Jorgrun
  6628 | Snake:3  | Reached skill level 6 in Invocations
  6645 | Snake:3  | Noticed Nikola
  6661 | Snake:3  | Killed Nikola
  6661 | Snake:3  | Reached skill level 7 in Invocations
  6749 | Snake:3  | Reached skill level 8 in Invocations
  6771 | Snake:3  | Reached skill level 6 in Dodging
  6790 | Snake:3  | Received a gift from Okawaru
  6819 | Snake:4  | Entered Level 4 of the Snake Pit
  6896 | Snake:4  | Reached skill level 7 in Dodging
  6968 | Snake:4  | Reached skill level 8 in Dodging
  6968 | Snake:4  | Reached XP level 15. HP: 80/156 MP: 15/20
  6973 | Snake:4  | Noticed a greater naga
  6983 | Snake:4  | Noticed a greater naga
  6984 | Snake:4  | Noticed a greater naga
  6990 | Snake:4  | Noticed a greater naga
  6996 | Snake:4  | Killed a greater naga
  7001 | Snake:4  | Killed a greater naga
  7006 | Snake:4  | Killed a greater naga
  7006 | Snake:4  | Reached ****** piety under Okawaru
  7006 | Snake:4  | Reached skill level 9 in Dodging
  7012 | Snake:4  | Killed a greater naga
  7012 | Snake:4  | Received a gift from Okawaru
  7028 | Snake:4  | Found a bloodstained altar of Trog.
  7063 | Snake:4  | Noticed a greater naga
  7078 | Snake:4  | Killed a greater naga
  7142 | Snake:4  | Reached skill level 10 in Dodging
  7277 | Snake:4  | Noticed a greater naga
  7314 | Snake:4  | Reached skill level 10 in Armour
  7347 | Snake:4  | Got a serpentine rune of Zot
  7968 | Vaults:1 | Entered Level 1 of the Vaults
  8041 | Vaults:2 | Found Cycybo's Book Emporium.
  8096 | Vaults:2 | Reached skill level 11 in Armour
  8116 | Vaults:2 | Received a gift from Okawaru
  8239 | Vaults:3 | Noticed Xtahua
  8253 | Vaults:3 | Paralysed by Xtahua for 3 turns
  8257 | Vaults:3 | Killed Xtahua
  8331 | Vaults:3 | Found Lygiv's Book Shoppe.
  8520 | Vaults:3 | Noticed Donald
  8535 | Vaults:3 | Killed Donald
  8535 | Vaults:3 | Reached XP level 16. HP: 131/165 MP: 15/21
  8538 | Vaults:3 | Reached skill level 12 in Armour
  8714 | Vaults:4 | Reached skill level 10 in Shields
  8717 | Vaults:4 | Received a gift from Okawaru
  8852 | Vaults:5 | Entered Level 5 of the Vaults
  8852 | Vaults:5 | Noticed a tentacled monstrosity
  8857 | Vaults:5 | Noticed a storm dragon
  8878 | Vaults:5 | Noticed a tentacled monstrosity
  8881 | Vaults:5 | Killed a storm dragon
  8893 | Vaults:5 | Reached skill level 13 in Fighting
  8901 | Vaults:5 | Noticed a shadow dragon
  8902 | Vaults:5 | Noticed a lich
  8909 | Vaults:5 | Noticed a Brimstone Fiend
  8911 | Vaults:5 | Noticed a titan
  8911 | Vaults:5 | Noticed a tentacled monstrosity
  8911 | Vaults:5 | Noticed a titan
  8912 | Vaults:5 | Noticed a golden dragon
  8915 | Vaults:5 | Killed a lich
  8922 | Vaults:5 | Killed a titan
  8923 | Vaults:5 | Noticed a lich
  8928 | Vaults:5 | Killed a tentacled monstrosity
  8948 | Vaults:5 | Killed a titan
  8958 | Vaults:5 | Killed a shadow dragon
  8962 | Vaults:5 | Killed a golden dragon
  8962 | Vaults:5 | Received a gift from Okawaru
  8969 | Vaults:5 | Reached skill level 14 in Fighting
  8974 | Vaults:5 | Killed a lich
  8975 | Vaults:5 | Killed a tentacled monstrosity
  8993 | Vaults:5 | Killed a tentacled monstrosity
  8994 | Vaults:5 | Reached XP level 17. HP: 81/182 MP: 17/22
  8998 | Vaults:5 | Noticed a titan
  9056 | Vaults:5 | Reached skill level 15 in Fighting
  9095 | Vaults:5 | Killed a titan
  9222 | Vaults:5 | Received a gift from Okawaru
  9249 | Vaults:5 | Got a twisted hat {god gift}
  9255 | Vaults:5 | Got a distressingly furry ice dragon armour
  9332 | Vaults:5 | Reached skill level 16 in Fighting
  9418 | Vaults:5 | Noticed blooo's ghost (adept DrNe)
  9570 | Vaults:5 | Reached XP level 18. HP: 33/198 MP: 10/23
  9578 | Vaults:5 | Reached skill level 17 in Fighting
  9636 | Vaults:5 | Noticed a lich
  9643 | Vaults:5 | Received a gift from Okawaru
  9657 | Vaults:5 | well
  9657 | Vaults:5 | this was a slow run anyway
  9657 | Vaults:5 | still
  9657 | Vaults:5 | lich petrify is pretty dumb
  9662 | Vaults:5 | HP: 13/301 [ironheart preserver/great mace (6)]
  9662 | Vaults:5 | HP: 6/301 [stone giant (7)]
  9662 | Vaults:5 | Killed from afar by a lich

Vault maps used:
D:1:      dpeg_arrival_tiny_j
D:2:      kennysheep_decorative_pillar, uniq_natasha
D:3:      first_bread, minmay_misc_feat_secret_circle, uniq_jessica
D:4:      grunt_ministairs_8, moated_statue
D:5:      serial_shops, shop, uniq_edmund
D:6:      grunt_temple_overflow_champion_of_chaos
D:7:      serial_shops, kennysheep_mini, nicolae_ossuary_entry_catacombs,
          basic_altar
D:8:      tgw_fedhas, serial_shops, shop, serial_bayou, serial_bayou_pond_b,
          serial_bayou_crossing, serial_bayou_shore_a, serial_bayou_ford_a
D:9:      trog_ov_bears_minmay, gammafunk_temple_overflow_claw, uniq_erica,
          uniq_grum
D:10:     serial_shops, nicolae_shop_trees, uniq_psyche, uniq_fannar
D:11:     erik_lair_dragon, hangedman_pestilent_swarm, minmay_crystal_water,
          bloody_makhleb
D:12:     uniq_maud
D:14:     grunt_vaults_entry_tiered, uniq_louise, uniq_snorg
D:15:     gammafunk_enter_depths_forms, portal_ice_cave_entry_imps,
          hangedman_decor_riveting
Temple:   bh_familiar_temple
Lair:1:   wad_woods_road_02, grunt_megastairs_4
Lair:2:   minmay_snake_entry_guardpost_medium, worms_lemuel,
          bh_autumn_forest_stairs
Lair:3:   beast_lair_carwin_4, grunt_megastairs_2
Lair:4:   elwin_shoals_entry_rooms, basic_altar
Lair:5:   slime_altar_1, st_stairs_12, lemuel_fruit_tree
Lair:6:   evil_forest, uniq_nessos
Snake:1:  serial_shops, shop, guppyfry_library_mini, grunt_megastairs_3,
          uniq_agnes, uniq_aizul
Snake:3:  uniq_nikola, uniq_wiglaf, uniq_jorgrun, uniq_asterion, uniq_vashnia
Snake:4:  snake_pit, basic_altar, serial_bayou_pond_b, statue_in_the_mist_lemuel
Vaults:1: v_misc_24, dpeg_vaults_monster_box, v_rooms_4, grunt_vaults_diagonal,
          v_misc_18, dpeg_vaults_monster_row, v_misc_22,
          vaults_room_glass_cross, v_pattern_1, v_misc_4
Vaults:2: grunt_vaults_bifocal, hangedman_vaults_stagger, v_alt_pattern_1,
          grunt_vaults_funnel, vaults_room_corners, v_pattern_3,
          vaults_room_stairs_pillars, serial_shops, shop, shop,
          nicolae_shop_crystal, shop, nicolae_shop_stone
Vaults:3: v_misc_1, ontoclasm_vaults_spin, hangedman_vaults_cutoff,
          vaults_room_mumra_shop_pool, nicolae_vaults_specimen_jars,
          ontoclasm_vaults_decontamination, nicolae_vaults_mini_display_case,
          minmay_crypt_entry_simple_statues, nicolae_vaults_alarming, v_misc_3,
          serial_shops, shop, uniq_donald, uniq_xtahua
Vaults:4: v_misc_1, hangedman_vaults_cutoff, nicolae_vaults_what_the_h,
          v_misc_27, grunt_vaults_trifunnel, grunt_vaults_hallway_long,
          vaults_dpeg_doors, nicolae_vaults_ninety_degrees, serial_shops,
          statue_bzr
Vaults:5: serial_shops
Ossuary:  ossuary_tomb_3

Skill      XL: |  1  2  3  4  5  6  7  8  9 10 11 12 13 14 15 16 17 18 |
---------------+-------------------------------------------------------+-----
Unarmed Combat | 3 4 5 6 7 12 13 | 13.0
Fighting       | 6 7 9 10 12 14 16 17 | 17.2
Shields        | 6 9 10 | 10.0
Dodging        | 5 8 10 | 10.3
Armour         | 2 9 11 12 | 12.1
Invocations    | 8 |  8.0

Action                   |  1- 3 |  4- 6 |  7- 9 | 10-12 | 13-15 | 16-18 || total
-------------------------+-------+-------+-------+-------+-------+-------++-------
Melee: Unarmed           |    56 |    71 |   126 |   475 |   987 |   667 ||  2382
Throw: Javelin           |       |       |     1 |       |     4 |     5 ||    10
Invok: Heroism           |       |     4 |     8 |    38 |    43 |    14 ||   107
       Finesse           |       |       |       |     2 |    10 |    12 ||    24
Evoke: Wand              |       |       |       |     4 |       |       ||     4
  Use: Scroll            |     4 |       |     7 |    19 |    14 |     1 ||    45
       Potion            |       |     2 |     3 |     2 |    10 |    21 ||    38
 Stab: Sleeping          |       |     2 |       |     1 |       |       ||     3
       Invisible         |       |       |     3 |       |       |     6 ||     9
  Eat: Chunk             |     7 |       |    22 |    28 |    27 |     1 ||    85
       Meat ration       |       |       |       |       |     2 |       ||     2
Armor: Robe              |    66 |     9 |    22 |    69 |       |       ||   166
       Mottled dragon ar |       |       |       |    22 |       |       ||    22
       Gold dragon armou |       |       |       |     5 |   378 |   130 ||   513
       Skin              |       |       |       |       |       |    15 ||    15
Dodge: Dodged            |    46 |    13 |    39 |   143 |   175 |    79 ||   495
Block: Shield            |    71 |    19 |    50 |   201 |   245 |       ||   586
       Large shield      |       |       |       |       |   556 |   434 ||   990

Table legend:
 A = Turns spent in this place as a percentage of turns spent in the entire game.
 B = Non-inter-level travel turns spent in this place as a percentage of non-inter-level travel turns spent in the entire game.
 C = Inter-level travel turns spent in this place as a percentage of turns spent in this place.
 D = Turns resting spent in this place as a percentage of non-inter-level travel turns spent in this place.
 E = Turns spent auto-exploring this place as a percentage of non-inter-level travel turns spent in this place.
 F = Non-inter-level travel turns spent in this place divided by the number of levels of this place that you've seen.
                   A       B       C       D       E      F
               +-------+-------+-------+-------+-------+----------------------
         Total | 100.0 | 100.0 |   0.0 |   0.1 |   0.0 | 299.7
       Dungeon |  49.3 |  49.3 |   0.0 |   0.1 |   0.0 | 315.5
        Temple |   0.9 |   0.9 |   0.0 |   0.0 |   0.0 |  87.0
          Lair |  15.9 |  15.9 |   0.0 |   0.0 |   0.0 | 254.0
     Snake Pit |  13.1 |  13.1 |   0.0 |   0.3 |   0.0 | 313.8
        Vaults |  19.1 |  19.1 |   0.0 |   0.3 |   0.0 | 365.8
       Ossuary |   1.7 |   1.7 |   0.0 |   0.0 |   0.0 | 164.0
               +-------+-------+-------+-------+-------+----------------------

Table legend:
 A = Kills in this place as a percentage of kills in entire the game.
 B = Kills by you in this place as a percentage of kills by you in the entire game.
 C = Kills by friends in this place as a percentage of kills by friends in the entire game.
 D = Other kills in this place as a percentage of other kills in the entire game.
 E = Experience gained in this place as a percentage of experience gained in the entire game.
 F = Experience gained in this place divided by the number of levels of this place that you have seen.
                   A       B       C       D       E      F
               +-------+-------+-------+-------+-------+----------------------
         Total | 100.0 | 100.0 | 100.0 | 100.0 | 100.0 | 9322.9
       Dungeon |  39.8 |  39.9 | 100.0 |   0.0 |  15.5 | 3078.0
          Lair |  16.9 |  17.0 |   0.0 |   0.0 |   7.8 | 3889.3
     Snake Pit |  13.0 |  13.0 |   0.0 |  33.3 |  21.3 | 15878.5
        Vaults |  27.9 |  27.8 |   0.0 |  66.7 |  55.4 | 33026.6
       Ossuary |   2.3 |   2.3 |   0.0 |   0.0 |   0.1 | 180.0
               +-------+-------+-------+-------+-------+----------------------
